 Dungeon Crawl Stone Soup version 0.18-b1-22-ge198996 (webtiles) character file.

10835 oplop the Spear-Bearer (level 11, -2/89 HPs)
             Began as a Merfolk Gladiator on May 4, 2016.
             Was an Elder of Zin.
             Slain by an unseen horror (3 damage)
             ... on level 11 of the Dungeon.
             The game lasted 00:29:42 (12960 turns).

oplop the Spear-Bearer (Merfolk Gladiator)         Turns: 12960, Time: 00:29:43

Health: -2/89      AC:  6    Str: 16    XL:     11   Next: 68%
Magic:  16/16      EV: 26    Int:  7    God:    Zin [****..]
Gold:   106        SH:  0    Dex: 18    Spells: 0 memorised, 10 levels left

rFire  + . .     SeeInvis .     s - +0 halberd
rCold  . . .     Gourm    .     b - +0 leather armour
rNeg   . . .     Faith    .     (shield currently unavailable)
rPois  +         Spirit   .     c - +0 helmet
rElec  .         Dismiss  .     a - +1 cloak {rPois}
rCorr  .         Reflect  .     (no gloves)
SustAt .         Harm     .     (no boots)
MR     .....                    (no amulet)
Stlth  +.........               t - +5 ring of evasion
                                L - ring of protection from fire

@: not resistant to hostile enchantments, very unstealthy
A: change form in water, swift swim
a: Recite, Vitalisation, Imprison, Donate Gold, Renounce Religion


You were on level 11 of the Dungeon.
You worshipped Zin.
Zin was greatly pleased with you.
You were not hungry.

You visited 1 branch of the dungeon, and saw 12 of its levels.

You collected 362 gold pieces.
You spent 90 gold pieces at shops.
You donated 166 gold pieces to Zin.

Inventory:

Hand Weapons
 s - a +0 halberd (weapon)
Missiles
 m - a throwing net
 n - 173 stones
 y - 12 tomahawks (quivered)
 B - 2 javelins
 G - 2 tomahawks of dispersal
Armour
 a - a +1 cloak of poison resistance (worn)
 b - a +0 leather armour (worn)
 c - a +0 helmet (worn)
Jewellery
 t - a +5 ring of evasion (right hand)
 L - a ring of protection from fire (left hand)
Wands
 k - a wand of disintegration (15/24)
 N - a wand of flame (8/48)
Scrolls
 e - 7 scrolls of remove curse
 g - 2 scrolls of fear {unknown}
 h - 9 scrolls of identify
 o - 3 scrolls of enchant weapon {unknown}
 p - 2 scrolls of random uselessness {unknown}
 v - 2 scrolls of magic mapping {unknown}
 w - 3 scrolls of enchant armour {unknown}
 x - 4 scrolls of fog
 z - a scroll of blinking {unknown}
 C - a scroll of torment {unknown}
 F - 2 scrolls of immolation
 H - 2 scrolls of noise {unknown}
 I - 2 scrolls of vulnerability {unknown}
 K - 2 scrolls of teleportation
 O - 2 scrolls of amnesia {unknown}
 P - 3 scrolls of holy word {unknown}
Potions
 i - a potion of mutation
 l - 3 potions of haste
 q - a potion of cure mutation {unknown}
 r - 2 potions of curing
 u - a potion of ambrosia {unknown}
 A - a potion of degeneration {unknown}
 D - a potion of brilliance {unknown}
 J - 3 potions of lignification {unknown}
Books
 M - a Necronomicon

   Spells                             Type                      Level
   a - Haunt                          Necromancy/Summoning         7
   b - Borgnjor's Revivification      Necromancy                   8
   c - Death's Door                   Charms/Necromancy            8
   d - Necromutation                  Transmutation/Necromancy     8
   Zin disapproves of the use of such an item.
Comestibles
 d - 4 chunks of flesh
 f - 4 bread rations
 j - 4 meat rations


   Skills:
 + Level 9.6 Fighting
 + Level 12.4 Polearms
 - Level 7.5 Throwing
 + Level 2.9 Armour
 + Level 11.6 Dodging
 + Level 7.3 Invocations


You had 10 spell levels left.
You didn't know any spells.

Dungeon Overview and Level Annotations

Branches:
Dungeon (12/15)            Temple (0/1) D:6            Lair (0/8) D:8
    Orc (0/2) D:9

Altars:
Cheibriados
Dithmenos
Elyvilon
Fedhas
Gozag
Kikubaaqudgha
Nemelex Xobeh
Okawaru
Qazlal
Trog
Vehumet
Xom
Yredelemnul
Zin

Shops:
D:4 [   D:9 [(

Annotations:
D:3 Sigmund
D:8 Maurice
D:11 exclusion: steam dragon, Nergalle


Message History

* * * LOW HITPOINT WARNING * * *
You miss something. Something misses you. x2
You hit something but do no damage. Something hits you!
* * * LOW HITPOINT WARNING * * *
You hit something but do no damage. Something hits you but does no damage.
You swing at nothing.
Something misses you.
You swing at nothing.
Something hits you but does no damage.
You miss something. Something hits you.
* * * LOW HITPOINT WARNING * * *
You barely miss something. Something closely misses you. x2
You miss something. Something closely misses you. Something hits you!
* * * LOW HITPOINT WARNING * * *
You puncture something! Something barely misses you.
You swing at nothing.
Something barely misses you.
You miss something. Something closely misses you.
You hit something but do no damage. Something barely misses you.
Something hits you! Zin protects you from harm! Something hits you.
You die...

#####.# #.########. ....#.#
#.#......#. ###.#.# #.#.####.#.
#.#.# #.#.# #.#. #.#.# #.#.# #.#.
#.#(######## #.#.# #.#.
#.#........# #.#.# #.#.
#.########.######## #.#.# #.#.
#.#...........@...# #.#.# #.#.
###.#.#......######.# #.#.# #.#.
.##.#........# #.###.#.####.#.
.##.###..)...# #.....#........
.##........#.#################.#.
.#...............................
.#.#####...###################.##
.#.# #...# #..)...# #)..
##.##############......##########


There were no monsters in sight!

Vanquished Creatures
  4 hill giants
  An ugly thing (D:10)
  A cyclops (D:11)
  Psyche (D:9)
  A gargoyle (D:10)
  Joseph (D:7)
  The ghost of bollicks1999 the Covert, a novice OpAs of Dithmenos (D:5)
  2 trolls
  Prince Ribbit (D:7)
  2 slime creatures
  A wraith (D:11)
  3 yaks (D:10)
  3 hippogriffs
  2 steam dragons
  Menkaure (D:5)
  A soldier ant (D:11)
  3 ice beasts
  A wasp (D:12)
  2 sky beasts
  3 orc warriors
  3 ogres
  A centaur (D:9)
  A crocodile (D:11)
  4 big kobolds
  3 giant frogs
  3 scorpions
  8 killer bees
  8 wights
  10 howler monkeys
  2 crimson imps (D:5)
  A giant frog zombie (D:6)
  3 centaur zombies (D:5)
  A centaur skeleton (D:5)
  4 hounds
  A jelly (D:10)
  4 orc priests
  9 orc wizards
  4 giant frog skeletons
  A gnoll shaman (D:5)
  An iguana (D:4)
  Natasha (thrice) (D:4)
  6 worker ants
  5 hound zombies
  A hound skeleton (D:9)
  2 worker ant zombies (D:5)
  13 gnolls
  13 adders
  4 shadow imps
  2 adder zombies
  4 worms
  3 dart slugs
  7 giant geckos
  39 orcs
  7 giant cockroaches
  8 goblins
  7 hobgoblins
  7 quokkas
  2 ball pythons
  6 bats
  A giant cockroach zombie (D:5)
  A giant gecko skeleton (D:5)
  7 giant newts
  31 kobolds
  3 quokka skeletons
  13 rats
302 creatures vanquished.

Vanquished Creatures (others)
  A sky beast (D:10)
  An iguana (D:12)
2 creatures vanquished.

Grand Total: 304 creatures vanquished

Notes
Turn   | Place    | Note
--------------------------------------------------------------
     0 | D:1      | oplop the Merfolk Gladiator began the quest for the Orb.
     0 | D:1      | Reached XP level 1. HP: 16/16 MP: 1/1
   182 | D:1      | Reached XP level 2. HP: 21/23 MP: 2/2
   734 | D:2      | Reached skill level 5 in Polearms
   734 | D:2      | Reached XP level 3. HP: 8/28 MP: 3/3
  1050 | D:2      | Found a shimmering altar of Xom.
  1194 | D:2      | Found an iron altar of Okawaru.
  1211 | D:2      | Found a basalt altar of Yredelemnul.
  1283 | D:2      | Reached XP level 4. HP: 35/35 MP: 4/4
  1299 | D:2      | Found a radiant altar of Vehumet.
  1459 | D:2      | Found a white marble altar of Elyvilon.
  2196 | D:3      | Reached skill level 5 in Dodging
  2197 | D:3      | Reached XP level 5. HP: 37/41 MP: 5/5
  2698 | D:3      | Noticed Sigmund
  2878 | D:4      | Found a stormy altar of Qazlal.
  2892 | D:4      | Reached skill level 6 in Polearms
  3174 | D:4      | Reached XP level 6. HP: 34/48 MP: 6/6
  3296 | D:4      | Found Qoak's Antique Armour Boutique.
  3424 | D:4      | Found a snail-covered altar of Cheibriados.
  3477 | D:4      | Reached XP level 7. HP: 23/55 MP: 7/7
  3716 | D:4      | Noticed Natasha
  3727 | D:4      | Killed Natasha
  3755 | D:4      | Noticed Natasha
  3759 | D:4      | Killed Natasha
  3759 | D:4      | Reached skill level 7 in Polearms
  3867 | D:4      | Noticed Natasha
  3877 | D:4      | Killed Natasha
  3935 | D:5      | Entered Level 5 of the Dungeon
  3935 | D:5      | Noticed Menkaure
  3940 | D:5      | Killed Menkaure
  4010 | D:5      | Noticed bollicks1999's ghost (novice OpAs)
  4036 | D:5      | Killed bollicks1999's ghost
  4036 | D:5      | Reached skill level 5 in Fighting
  4036 | D:5      | Reached skill level 8 in Polearms
  4036 | D:5      | Reached XP level 8. HP: 41/62 MP: 8/8
  4205 | D:5      | Reached skill level 5 in Throwing
  4393 | D:5      | Found Zin's Purification Station.
  4396 | D:5      | Found a glowing silver altar of Zin.
  4420 | D:5      | Bought a potion of curing for 90 gold pieces
  4425 | D:5      | Became a worshipper of Zin the Law-Giver
  4425 | D:5      | Reached * piety under Zin
  4429 | D:5      | Was placed under penance by Zin
  4564 | D:5      | Found a blossoming altar of Fedhas.
  4565 | D:5      | Found an ancient bone altar of Kikubaaqudgha.
  4753 | D:5      | Noticed a moth of wrath
  4756 | D:5      | Found a bloodstained altar of Trog.
  4825 | D:5      | Reached skill level 1 in Invocations
  5017 | D:6      | Found a staircase to the Ecumenical Temple.
  5401 | D:6      | Reached skill level 9 in Polearms
  5401 | D:6      | Reached XP level 9. HP: 70/70 MP: 10/10
  5761 | D:7      | Noticed Joseph
  5762 | D:7      | Found an opulent altar of Gozag.
  5787 | D:7      | Killed Joseph
  5965 | D:7      | Was forgiven by Zin
  6028 | D:7      | Noticed Prince Ribbit
  6056 | D:7      | Killed Prince Ribbit
  6117 | D:7      | Found a sparkling altar of Nemelex Xobeh.
  6253 | D:7      | Donated 104 gold pieces to Zin
  6423 | D:7      | Reached skill level 10 in Polearms
  6706 | D:8      | Found a shadowy altar of Dithmenos.
  6752 | D:8      | Noticed Maurice
  7634 | D:8      | Found a staircase to the Lair.
  7732 | D:8      | Reached XP level 10. HP: 79/79 MP: 13/13
  7881 | D:9      | Noticed Psyche
  7895 | D:9      | Killed Psyche
  8284 | D:9      | Reached skill level 10 in Dodging
  8411 | D:9      | Found Fogo's Weapon Emporium.
  8412 | D:9      | Found Ezuhifogac's Armour Emporium.
  8412 | D:9      | Found a staircase to the Orcish Mines.
  8450 | D:9      | Reached ** piety under Zin
  8803 | D:9      | Reached skill level 5 in Invocations
  8833 | D:10     | Entered Level 10 of the Dungeon
  8904 | D:10     | Noticed a hill giant
  8914 | D:10     | Killed a hill giant
  8914 | D:10     | Reached skill level 11 in Polearms
  9195 | D:10     | Noticed a hill giant
  9292 | D:8      | Reached *** piety under Zin
  9680 | D:10     | Killed a hill giant
  9754 | D:10     | Noticed a hill giant
  9769 | D:10     | Killed a hill giant
  9886 | D:10     | Reached skill level 1 in Armour
  9886 | D:10     | Reached XP level 11. HP: 54/87 MP: 15/15
 10305 | D:10     | Noticed a brown ugly thing
 10318 | D:10     | Killed a brown ugly thing
 10922 | D:10     | HP: 4/89 [something (7)]
 11285 | D:11     | Found an ancient bone altar of Kikubaaqudgha.
 11324 | D:11     | Noticed Nergalle
 11486 | D:11     | Reached skill level 12 in Polearms
 11516 | D:11     | Noticed a cyclops
 11531 | D:11     | Killed a cyclops
 12300 | D:11     | Reached **** piety under Zin
 12313 | D:11     | Noticed a hill giant
 12326 | D:11     | Zin protects you from harm!
 12331 | D:11     | Killed a hill giant
 12956 | D:11     | HP: 1/89 [something (7)]
 12960 | D:11     | Zin protects you from harm!
 12960 | D:11     | Slain by an unseen horror

Skill      XL: |  1  2  3  4  5  6  7  8  9 10 11 |
---------------+----------------------------------+-----
Polearms       | 5 6 8 9 10 11 12 | 12.4
Fighting       | 3 4 5 6 7 8 9 |  9.6
Dodging        | 5 6 7 8 9 10 11 | 11.6
Throwing       | 3 4 5 6 7 |  7.5
Invocations    | 1 4 6 7 |  7.3
Armour         | 1 2 |  2.9

Action                   |  1- 3 |  4- 6 |  7- 9 | 10-12 || total
-------------------------+-------+-------+-------+-------++-------
Melee: Trident           |   136 |   106 |       |       ||   242
       Halberd           |       |    65 |   428 |   576 ||  1069
Throw: Stone             |       |    17 |     6 |       ||    23
       Throwing net      |       |     1 |     8 |     2 ||    11
       Tomahawk          |       |       |    12 |    39 ||    51
       Javelin           |       |       |     3 |     8 ||    11
Invok: Donate Gold       |       |       |     1 |       ||     1
       Recite            |       |       |       |     3 ||     3
       Vitalisation      |       |       |       |     2 ||     2
  Use: Scroll            |       |     2 |       |     7 ||     9
       Potion            |       |       |     1 |     3 ||     4
 Stab: Distracted        |     1 |     1 |     1 |       ||     3
       Held in net/web   |       |       |     4 |       ||     4
       Sleeping          |       |       |       |     3 ||     3
  Eat: Chunk             |     1 |     5 |     7 |     7 ||    20
       Bread ration      |       |     1 |       |       ||     1
       Beef jerky        |       |       |     2 |     1 ||     3
       Pizza             |       |       |     1 |     1 ||     2
       Meat ration       |       |       |       |     2 ||     2
Armor: Leather armour    |    24 |    22 |    39 |    61 ||   146
Dodge: Dodged            |    79 |   163 |   336 |   562 ||  1140
